 Dungeon Crawl Stone Soup version 0.15-a0-1485-g692b94f (webtiles) character file.

16 Crauler the Insei (level 2, -1/18 HPs)
             Began as an Octopode Transmuter on June 14, 2014.
             Slain by a hobgoblin (3 damage)
             ... on Level 1 of the Dungeon.
             The game lasted 00:01:34 (477 turns).

Crauler the Insei (Octopode Transmuter)              Turns: 477, Time: 00:01:34

HP  -1/18        AC -2     Str  9      XL: 2   Next: 58%
MP   4/4         EV 12     Int 15      God:
Gold 15          SH  0     Dex 12      Spells:  1 memorised,  4 levels left

rFire  . . .     SeeInvis .       - Unarmed
rCold  . . .     Clarity  .     (no shield)
rNeg   . . .     rCorr    .     (helmet restricted)
rPois  .         rRot     .     (no amulet)
rElec  .         Spirit   .     h - cursed -3 ring of protection
SustAb .         Warding  .     (no ring)
rMut   .         Stasis   .     (no ring)
Gourm  .                        (no ring)
MR     .....                    (no ring)
                                (no ring)
                                (no ring)
                                (no ring)

@: not resistant to hostile enchantments, unstealthy
A: almost no armour, amphibious, 8 rings, constrict 8, camouflage 1, gelatinous
body 1
a: no special abilities


You were on level 1 of the Dungeon.
You were not hungry.

You visited 1 branch of the dungeon, and saw 1 of its levels.

You collected 15 gold pieces.

Inventory:

Missiles
 b - 12 arrows
Comestibles
 a - a bread ration
 f - a meat ration
 i - a beef jerky
 j - a rotting chunk of rat flesh
Scrolls
 c - a scroll of amnesia
 e - a scroll of identify {unknown}
Jewellery
 h - a cursed -3 ring of protection (left tentacle)
Potions
 g - 2 potions of haste {unknown}
Books
 d - a book of Changes

   Spells                             Type                      Level
   *Beastly Appendage                 Transmutation                1
   Sticks to Snakes                   Transmutation                2
   Spider Form                        Transmutation/Poison         3
   Ice Form                           Ice/Transmutation            4
   Blade Hands                        Transmutation                5


   Skills:
 + Level 1.0 Fighting
 + Level 2.2 Dodging
 + Level 3.4 Unarmed Combat
 + Level 2.1 Spellcasting
 + Level 2.1 Transmutations


You had 4 spell levels left.
You knew the following spells:

 Your Spells              Type           Power        Failure   Level  Hunger
a - Beastly Appendage     Trmt           #.....       12%         1    #......


Dungeon Overview and Level Annotations

Branches:
Dungeon (1/15)

Altars:


Innate Abilities, Weirdness & Mutations

You cannot wear most types of armour.
You are amphibious.
You can wear up to eight rings at the same time.
You can use your tentacles to constrict many enemies at once.
Your skin changes colour to match your surroundings (Stealth).
Your rubbery body absorbs attacks (AC +1).


Message History

You release your grip on the hobgoblin.
The giant gecko barely misses you.
The giant gecko hisses menacingly.
You see here a bat corpse.
You tentacle-slap the giant gecko. Your grab misses the giant gecko.
The giant gecko is lightly wounded.
The giant gecko bites you.
* * * LOW HITPOINT WARNING * * *
You barely miss the giant gecko. You grab the giant gecko.
The giant gecko is lightly wounded.
You constrict the giant gecko. The giant gecko barely misses you.
You tentacle-slap the giant gecko.
The giant gecko is moderately wounded.
You constrict the giant gecko. The giant gecko barely misses you.
You barely miss the giant gecko. You squeeze the giant gecko.
You kill the giant gecko!
You barely miss the hobgoblin. Your grab misses the hobgoblin.
The hobgoblin is moderately wounded.
The hobgoblin hits you.
You die...

##.#..............
#.#..........#.#.
##########%..########.....
#.............# #.....
#.......###%..# #.....
#.....)....%..### #.....
#........##.....#####.....
#.......#.g.....%.........
#........@#...............
#.......###...%........#..
###..#### #.....#......##.
#..** ####..#)....###.
#..,*******##...#.......
#.#,,,,...........#.....
#.*****,.......#.##.....
*,*****,.......#...#....
***,,,,**,...............%


You could see a hobgoblin.

Vanquished Creatures
  A giant gecko (D:1)
  A goblin (D:1)
  2 hobgoblins (D:1)
  A kobold (D:1)
  4 bats (D:1)
  A giant cockroach (D:1)
  A giant newt (D:1)
  6 rats (D:1)
17 creatures vanquished.

Notes
Turn   | Place    | Note
--------------------------------------------------------------
     0 | D:1      | Crauler, the Octopode Transmuter, began the quest for the Orb.
     0 | D:1      | Reached XP level 1. HP: 13/13 MP: 3/3
    82 | D:1      | Reached XP level 2. HP: 6/18 MP: 4/4
   477 | D:1      | Slain by a hobgoblin

Action                   || total
-------------------------++-------
Melee: Unarmed           ||    48
  Use: Scroll            ||     2
